Match 41411036
Unlisted
Match 41411036
End
Scout Squad
Selects Airborne Battlegroup
Selects Heavy Machine Gun Paradrop
Heavy Machine Gun Paradrop
Construct Barracks
Riflemen Squad
Heavy Machine Gun Paradrop
Riflemen Squad
Grenade Package
Selects Recon Loiter
Recon Loiter
Mechanized Support Center
Construct Medical Station
Construct Motor Pool
Selects Supply Drop
M24 Chaffee Light Tank
Recon Loiter
M3 75 mm Gun Motor Carriage
Supply Drop
Engineer Squad
Designate Forward Repair Station
Recon Loiter
M16 Multiple Gun Motor Carriage
M1918 Browning Automatic Rifles
Recon Loiter
M1 Anti-tank Gun Team
Selects Carpet Bombing Run
Recon Loiter
Carpet Bombing Run
Construct Tank Depot
Supply Drop
Esxile
BananaInPajamas
saephy
bibotot1995
0
0
Comments sign in to comment!
No comments posted yet!